 Dungeon Crawl Stone Soup version 0.28-a0-1524-ge72afd5fc6 (webtiles) character file.

Game seed: 4505915163782440240

123 issech the Shooter (level 4, -5/25 HPs)
             Began as a Deep Elf Arcane Marksman on Jan 17, 2022.
             Slain by an iguana (8 damage)
             ... on level 4 of the Dungeon.
             The game lasted 00:17:47 (3295 turns).

issech the Shooter (Deep Elf Arcane Marksman)       Turns: 3295, Time: 00:17:48

Health: -5/25      AC:  5    Str:  7    XL:     4   Next: 79%
Magic:  8/8        EV: 17    Int: 18    God:
Gold:   155        SH:  0    Dex: 17    Spells: 5/6 levels left

rFire   + . .      SeeInvis .   P - +2 dagger (venom)
rCold   . . .      Faith    .   (no shield)
rNeg    . . .      Spirit   .   b - +0 robe
rPois   .          Reflect  .   (no helmet)
rElec   .          Harm     .   t - +2 cloak
rCorr   .          Rampage  .   (no gloves)
Will    .....                   (no boots)
Stlth   ++........              (no amulet)
HPRegen 0.08/turn               f - ring of protection from fire
MPRegen 0.11/turn               g - +4 ring of evasion

@: no status effects
A: no striking features
a: no special abilities


You were on level 4 of the Dungeon.
You visited 1 branch of the dungeon, and saw 4 of its levels.

You collected 155 gold pieces.

Inventory:

Hand Weapons
 a - a +0 shortbow
 l - a +0 whip
 n - a +0 short sword
 q - a +0 dagger
 y - a +0 dagger
 I - a +0 hunting sling
 P - a +2 dagger of venom (weapon)
Missiles
 c - 10 arrows
 h - 43 stones
 r - 4 boomerangs
 C - 54 sling bullets
 F - 13 bolts
 R - 8 poisoned darts
Armour
 b - a +0 robe (worn)
 m - a +0 ring mail
 t - a +2 cloak (worn)
 x - a +0 scale mail
 M - a +0 ring mail
 N - a +0 leather armour
 U - a +0 cloak
Jewellery
 f - a ring of protection from fire (left hand)
 g - a +4 ring of evasion (right hand)
 o - a ring of positive energy
Wands
 O - a wand of polymorph (11)
Scrolls
 d - a scroll of enchant weapon {unknown}
 e - 2 scrolls of teleportation
 j - a scroll of magic mapping {unknown}
 u - a scroll of noise {unknown}
 K - 2 scrolls of identify {unknown}
Potions
 i - 2 potions of magic {unknown}
 k - 2 potions of curing {unknown}
 p - 3 potions of lignification {unknown}
 s - 2 potions of heal wounds {unknown}
 v - 2 potions of brilliance {unknown}
 w - 2 potions of ambrosia {unknown}
 J - a potion of degeneration {unknown}
 S - a potion of cancellation {unknown}


   Skills:
 + Level 1.4 Fighting
 + Level 5.5 Bows
 + Level 2.9 Dodging
 + Level 0.4 Stealth
 + Level 1.5 Spellcasting
 + Level 4.6 Hexes


You had 5 spell levels left.
You knew the following spells:

 Your Spells              Type           Power      Damage    Failure   Level
a - Slow                  Hex            72%        N/A       2%          1

Your spell library contained the following spells:

 Spells                   Type           Power      Damage    Failure   Level
 Animate Skeleton         Necr           2%         N/A       19%         1
 Apportation              Tloc           2%         N/A       19%         1
 Summon Small Mammal      Summ           4%         N/A       19%         1
 Inner Flame              Hex/Fire       9%         N/A       22%         3
 Portal Projectile        Hex/Tloc       18%        N/A       22%         3
 Cause Fear               Hex            9%         N/A       28%         4
 Stone Arrow              Conj/Erth      2%         3d7       50%         3
 Animate Armour           Summ/Erth      2%         N/A       88%         4
 Lehudib's Crystal Spear  Conj/Erth      0%         10d2      100%        8


Dungeon Overview and Level Annotations

Branches:
Dungeon (4/15)             Temple (0/1) D:4

Altars:

Shops:
D:1 *


Message History

The arrow hits the iguana but does no damage.
The iguana is heavily wounded.
The iguana misses you.
Fire: 13 arrows
Press: ? - help, Q - select action, (/) - cycle Shift-Dir - straight line, f/p - iguana
Aim: an iguana (heavily wounded, 65% to hit)
You shoot an arrow. The arrow hits the iguana!
The iguana is heavily wounded.
The iguana closely misses you.
Fire: 12 arrows
Press: ? - help, Q - select action, (/) - cycle Shift-Dir - straight line, f/p - iguana
Aim: an iguana (heavily wounded, 65% to hit)
You shoot an arrow. The arrow barely misses the iguana.
The arrow hits the iguana but does no damage.
The iguana is heavily wounded.
Fire: 11 arrows
Press: ? - help, Q - select action, (/) - cycle Shift-Dir - straight line, f/p - iguana
Aim: an iguana (heavily wounded, 65% to hit)
You shoot an arrow. The arrow hits the iguana.
The iguana is severely wounded.
The iguana bites you!
* * * LOW HITPOINT WARNING * * *
The iguana bites you.
* * * LOW HITPOINT WARNING * * *
Your +2 dagger of venom begins to drip with poison!
P - a +2 dagger of venom (weapon)
The iguana bites you but does no damage.
You hit the iguana.
The iguana is poisoned.
The iguana is severely wounded.
The iguana barely misses you.
You hit the iguana but do no damage.
The iguana looks as sick as possible!
The iguana is severely wounded.
You kill the iguana!
You closely miss the iguana.
The iguana is heavily wounded.
The iguana completely misses you.
You closely miss the iguana.
The iguana is heavily wounded.
The iguana bites you!
You die...

8(....((((..............'....>.
.......#.#..............###.#.#
8⌠.>$..#.....#####'###...#..#.#
.......#..##.## #.# #.#.#....#
8⌠.....#..##..# #.# #.#.#.####
.......#..###.####.###.#.#####
.#........# #..#.......#.#...##
####.##.#####l#.#.#####.#.....
#....@..#.............
#.###.###.#####.......
#.........# ####....
####.#.##.# #.... #...#..#.#
####.... #.###..#.# #.......
#.# #....# #....... #.#
#.#..#####....... #.#
#.......##.......


You could see an iguana.

Vanquished Creatures
  An iguana (D:4)
  5 adders
  A worm (D:4)
  2 dart slugs
  2 orcs
  7 ball pythons
  4 bats
  4 endoplasms
  A giant cockroach (D:3)
  A hobgoblin (D:3)
  A quokka (D:3)
  A frilled lizard (D:3)
  4 goblins
  7 kobolds
  2 rats
43 creatures vanquished.

Notes
Turn   | Place    | Note
-------+----------+-------------------------------------------
     0 | D:1      | issech the Deep Elf Arcane Marksman began the quest for the
                  | Orb.
     0 | D:1      | Reached XP level 1. HP: 11/11 MP: 5/5
   405 | D:1      | Reached skill level 3 in Bows
   405 | D:1      | Reached XP level 2. HP: 16/16 MP: 6/6
   476 | D:1      | Found Nogo's Assorted Antiques.
   577 | D:1      | Found a faded altar of an unknown god.
  1307 | D:3      | Reached skill level 1 in Fighting
  1307 | D:3      | Reached XP level 3. HP: 8/20 MP: 7/7
  1594 | D:3      | Reached skill level 4 in Bows
  1609 | D:3      | HP: 1/20 [poisoned by an adder]
  2279 | D:3      | Reached XP level 4. HP: 25/25 MP: 8/8
  2817 | D:4      | Reached skill level 5 in Bows
  3263 | D:4      | Found a staircase to the Ecumenical Temple.
  3295 | D:4      | Slain by an iguana

Illustrated notes

Levels and vault maps discovered:
D:1:      minmay_arrival_jagged, layout_rooms, serial_shops, shop_fountains,
          hellmonk_ecumenical_altar_heavens_door
D:2:      layout_rooms, serial_curves, eino_curves_01, eino_curves_01
D:3:      layout_basic
D:4:      layout_basic, minmay_temple_entry_drinking_statues

Skill      XL: |  1  2  3  4 |
---------------+-------------+-----
Bows           | 3 4 5 |  5.5
Fighting       | 1 |  1.4
Dodging        | |  2.9
Stealth        | |  0.4
Spellcasting   | |  1.5
Hexes          | |  4.6

Action                   |  1- 3 |  4- 6 || total
-------------------------+-------+-------++-------
Melee: Dagger            |       |     4 ||     4
 Fire: Shortbow          |    91 |    58 ||   149
  Use: Scroll            |     1 |       ||     1
Armor: Robe              |    20 |     3 ||    23
Dodge: Dodged            |    49 |    14 ||    63

Table legend: (Time is in decaauts)
 A = Elapsed time spent in this place.
 B = Non-inter-level travel time spent in this place.
 C = Inter-level travel time spent in this place.
 D = Time resting spent in this place.
 E = Time spent auto-exploring this place.
 F = Levels seen in this place.
 G = Mean time per level.
                   A        B        C        D        E       F      G
               +--------+--------+--------+--------+--------+-----+--------+
         Total |   3306 |   3306 |      0 |    906 |    588 |   4 |  826.5 |
       Dungeon |   3306 |   3306 |      0 |    906 |    588 |   4 |  826.5 |
               +--------+--------+--------+--------+--------+-----+--------+

Top non-repeatable levels by time:
     D:3: 1391 daAuts
     D:1: 684 daAuts
     D:2: 659 daAuts
     D:4: 571 daAuts
